Capitals vs Stars
Created - March 16, 2022 at 19:04
Goals
|
Capitals |
0 |
2 |
2 |
4 |
Stars |
1 |
1 |
1 |
3 |
|
Shots
|
Capitals |
9 |
8 |
7 |
24 |
Stars |
9 |
16 |
9 |
34 |
|
1st period
1. Stars , Cam Atkinson 9 (Cory Emmerton 9, Tyson Barrie 6) at 12:52
Penalties :
No Penalty
2nd period
2. Capitals , Jason Spezza 20 (Blake Pietila 9) at 0:04
3. Capitals , Jason Spezza 21 (Blake Pietila 10, Alexander Radulov 10) at 10:14
4. Stars , Evgeny Grachev 11 (Andrej Sustr 5, Jussi Jokinen 19) at 19:23
Penalties :
No Penalty
3rd period
5. Capitals , Alexander Radulov 8 (Jason Spezza 23, Alexei Marchenko 9) at 5:00
6. Stars , Michael Grabner 13 (John Tavares 36, Boris Valabik 10) at 8:58 (PP)
7. Capitals , Alexander Radulov 9 (Jason Spezza 24) at 9:10 (PP)
Penalties :
Trevor Daley (Was) for Holding (Minor) at 7:43, Paul Ladue (Dal) for High sticking (Minor) at 9:09
Goalie Stats
Cory Schneider (Was), 31 saves from 34 shots - (0.912), W, 12-14-6, 60:00 minutes
Matt Murray (Dal), 20 saves from 24 shots - (0.833), L, 18-14-3, 58:48 minutes
Players Stats for Capitals
Player Name G A P +/- PIM S H SB GA TA FO MP PP MP PK MP
------------------------------------------------------------------------------------
Alexander Radulov 2 1 3 3 0 4 1 1 1 0 1/2 18:35 0:01 0:00
Alexei Marchenko 0 1 1 2 0 0 1 0 0 0 0/0 21:10 0:00 1:06
Antoine Vermette 0 0 0 0 0 1 0 0 0 2 7/10 12:40 0:00 0:00
Blake Pietila 0 2 2 3 0 1 2 0 2 0 1/2 18:43 0:00 0:09
Brad Richardson 0 0 0 0 0 0 2 0 0 0 0/1 11:57 0:00 0:00
Cameron Gaunce 0 0 0 -1 0 0 0 2 0 0 0/0 15:12 0:00 0:00
Cody Hodgson 0 0 0 -2 0 3 0 0 2 0 5/9 14:22 0:00 0:00
Jason Spezza 2 2 4 3 0 3 1 0 0 0 12/28 20:52 0:01 1:06
Jujhar Khaira 0 0 0 0 0 3 0 1 0 0 1/1 12:40 0:00 0:00
Mark Stone 0 0 0 0 0 1 0 0 0 0 0/1 11:57 0:00 0:00
Mike Cammalleri 0 0 0 -2 0 2 2 1 0 1 0/0 16:40 0:01 1:06
Nikita Zaitsev 0 0 0 2 0 0 0 1 0 0 0/0 20:13 0:00 0:09
PK Subban 0 0 0 0 0 1 3 1 0 0 0/0 24:35 0:01 1:06
Rick Nash 0 0 0 0 0 2 1 0 1 0 1/1 13:51 0:00 0:00
Sean Monahan 0 0 0 0 0 1 0 0 0 0 2/4 12:06 0:00 0:09
Steve Bernier 0 0 0 -2 0 1 0 0 0 0 0/0 14:22 0:00 0:00
Trevor Daley 0 0 0 -1 2 1 1 1 1 0 0/0 15:11 0:00 0:00
Victor Hedman 0 0 0 0 0 0 2 1 0 1 0/0 23:38 0:01 0:09
Players Stats for Stars
Player Name G A P +/- PIM S H SB GA TA FO MP PP MP PK MP
------------------------------------------------------------------------------------
Alex Chiasson 0 0 0 0 0 2 1 1 0 0 1/1 16:36 0:00 0:00
Andrej Sustr 0 1 1 0 0 2 0 0 0 0 0/0 19:35 0:00 0:00
Andrew Ladd 0 0 0 1 0 2 0 0 0 0 0/0 12:54 0:00 0:00
Boris Valabik 0 1 1 -1 0 0 1 0 0 2 0/0 26:55 1:15 0:01
Cam Atkinson 1 0 1 1 0 5 1 0 0 0 0/0 12:54 0:00 0:00
Cory Emmerton 0 1 1 1 0 2 0 1 0 0 5/11 12:54 0:00 0:00
Evgeny Grachev 1 0 1 0 0 2 3 0 1 1 3/11 16:36 0:00 0:00
Evgeny Kuznetsov 0 0 0 0 0 0 0 0 0 0 1/2 7:41 0:00 0:00
Guillaume Latendresse 0 0 0 -2 0 1 0 1 0 0 2/2 22:49 1:15 0:01
Ian White 0 0 0 -1 0 0 5 0 0 0 0/0 26:55 1:15 0:01
Jeremy Morin 0 0 0 0 0 3 1 0 0 0 0/0 7:41 0:00 0:00
John Tavares 0 1 1 -2 0 3 3 0 2 1 15/30 22:49 1:15 0:01
Jussi Jokinen 0 1 1 0 0 1 3 1 0 0 1/1 16:36 0:00 0:00
Michael Grabner 1 0 1 -2 0 7 3 0 1 0 1/1 22:48 1:15 0:00
Paul Ladue 0 0 0 0 2 0 0 0 0 0 0/0 19:34 0:00 0:00
Scott Kosmachuck 0 0 0 0 0 2 1 0 0 0 0/0 7:41 0:00 0:00
Tyler Wotherspoon 0 0 0 0 0 2 0 1 0 2 0/0 13:30 0:00 0:00
Tyson Barrie 0 1 1 0 0 0 1 1 0 1 0/0 13:30 0:00 0:00
3 Stars
1 - Jason Spezza (Was)
2 - Alexander Radulov (Was)
3 - Blake Pietila (Was)
Power Play
Capitals - 1 on 1 Attempt(s) - 100.00%
Stars - 1 on 1 Attempt(s) - 100.00%
Penalty Kill
Capitals - 0 on 1 Attempt(s) - 0.00%
- Score 0 goal in Penalty Kill
Stars - 0 on 1 Attempt(s) - 0.00%
- Score 0 goal in Penalty Kill
Team Stat
Capitals - Hits : 16 - Faceoff Wins : 30 - Blocked Shots : 9 - Penalty Minutes : 2
Stars - Hits : 23 - Faceoff Wins : 29 - Blocked Shots : 6 - Penalty Minutes : 2
Official
Referees : Marc Joannette and Ian Walsh
Linesman : Ryan Gibbons and Devin Berg
Game Notes
No Game Note
Finance
Level 1 -- Attendance: 5694 (94.90%) -- Ticket Income $569,400
Level 2 -- Attendance: 4616 (92.32%) -- Ticket Income $276,960
Level 3 -- Attendance: 1858 (92.90%) -- Ticket Income $65,030
Level 4 -- Attendance: 4000 (100.00%) -- Ticket Income $100,000
Luxury Box -- Attendance: 948 (94.80%) -- Ticket Income $189,600
Game was played at the American Airlines Center.
Total Attendance: 17116 (95.09%)
Total Ticket Income: $1,200,990
Other Income: $180,148
Total Income: $1,381,138
Capitals
5 vs 5 Forward
Center Left Wing Right Wing Time % Phy DF OF
1 Jason Spezza Blake Pietila Alexander Radulov 35 0 1 4
2 Cody Hodgson Mike Cammalleri Steve Bernier 25 0 2 3
3 Sean Monahan Brad Richardson Mark Stone 20 0 2 3
4 Antoine Vermette Jujhar Khaira Rick Nash 20 0 3 2
5 vs 5 Defense
Defense Defense Time % Phy DF OF
1 Victor Hedman PK Subban 35 0 3 2
2 Alexei Marchenko Nikita Zaitsev 35 0 4 1
3 Trevor Daley Cameron Gaunce 25 0 4 1
4 Victor Hedman PK Subban 5 0 3 2
PowerPlay Forward
Center Left Wing Right Wing Time % Phy DF OF
1 Jason Spezza Mike Cammalleri Alexander Radulov 60 0 1 4
2 Cody Hodgson Blake Pietila Steve Bernier 40 0 1 4
PowerPlay Defense
Defense Defense Time % Phy DF OF
1 PK Subban Victor Hedman 60 0 2 3
2 Cameron Gaunce Nikita Zaitsev 40 0 2 3
Penalty Kill 4 Players Forward
Center Wing Time % Phy DF OF
1 Jason Spezza Mike Cammalleri 60 0 4 1
2 Sean Monahan Blake Pietila 40 0 4 1
Penalty Kill 4 Players Defense
Defense Defense Time % Phy DF OF
1 PK Subban Alexei Marchenko 60 0 4 1
2 Victor Hedman Nikita Zaitsev 40 0 4 1
Penalty Kill - 3 Players Forward
Forward Time % Phy DF OF
1 Jason Spezza 60 0 5 0
2 Sean Monahan 40 0 5 0
Penalty Kill - 3 Players Defense
Defense Defense Time % Phy DF OF
1 PK Subban Alexei Marchenko 60 0 5 0
2 Victor Hedman Nikita Zaitsev 40 0 5 0
4 vs 4 Forward
Center Wing Time % Phy DF OF
1 Jason Spezza Mike Cammalleri 60 0 2 3
2 Cody Hodgson Alexander Radulov 40 0 2 3
4 vs 4 Defense
Defense Defense Time % Phy DF OF
1 PK Subban Victor Hedman 60 0 2 3
2 Cameron Gaunce Alexei Marchenko 40 0 2 3
Last Minutes Offensive
Center Left Wing Right Wing Defense Defense
Jason Spezza Mike Cammalleri Alexander Radulov PK Subban Victor Hedman
Last Minutes Defensive
Center Left Wing Right Wing Defense Defense
Jason Spezza Mike Cammalleri Rick Nash PK Subban Victor Hedman
Goaltenders
Starting : Cory Schneider
Backup : Chet Pickard
Extra Forwards
Normal : Jason Spezza, Cody Hodgson, Alexander Radulov - PP : Jason Spezza, Cody Hodgson - PK : Jason Spezza
Extra Defensemen
Normal : PK Subban, Victor Hedman, Alexei Marchenko - PP : PK Subban - PK : Victor Hedman, PK Subban
Penalty Shots
Jason Spezza, Cody Hodgson, Mike Cammalleri, Alexander Radulov, Victor Hedman
Scratches
Jared Spurgeon (Healthy), Kevin Connauton (Healthy), Martins Karsums (Healthy), Patrick Sharp (Healthy)
Stars
5 vs 5 Forward
Center Left Wing Right Wing Time % Phy DF OF
1 John Tavares Guillaume Latendresse Michael Grabner 40 1 2 2
2 Evgeny Grachev Jussi Jokinen Alex Chiasson 30 1 2 2
3 Cory Emmerton Andrew Ladd Cam Atkinson 20 1 2 2
4 Evgeny Kuznetsov Jeremy Morin Scott Kosmachuck 10 1 2 2
5 vs 5 Defense
Defense Defense Time % Phy DF OF
1 Ian White Boris Valabik 40 1 2 2
2 Andrej Sustr Paul Ladue 30 1 2 2
3 Tyson Barrie Tyler Wotherspoon 20 1 2 2
4 Ian White Boris Valabik 10 1 2 2
PowerPlay Forward
Center Left Wing Right Wing Time % Phy DF OF
1 John Tavares Guillaume Latendresse Michael Grabner 60 0 2 3
2 Evgeny Grachev Jussi Jokinen Alex Chiasson 40 0 2 3
PowerPlay Defense
Defense Defense Time % Phy DF OF
1 Ian White Boris Valabik 60 0 2 3
2 Andrej Sustr Paul Ladue 40 0 2 3
Penalty Kill 4 Players Forward
Center Wing Time % Phy DF OF
1 John Tavares Guillaume Latendresse 60 0 3 2
2 Evgeny Grachev Jussi Jokinen 40 0 3 2
Penalty Kill 4 Players Defense
Defense Defense Time % Phy DF OF
1 Ian White Boris Valabik 60 0 3 2
2 Andrej Sustr Paul Ladue 40 0 3 2
Penalty Kill - 3 Players Forward
Forward Time % Phy DF OF
1 John Tavares 60 0 3 2
2 Evgeny Grachev 40 0 3 2
Penalty Kill - 3 Players Defense
Defense Defense Time % Phy DF OF
1 Ian White Boris Valabik 60 0 3 2
2 Andrej Sustr Paul Ladue 40 0 3 2
4 vs 4 Forward
Center Wing Time % Phy DF OF
1 John Tavares Guillaume Latendresse 60 0 2 3
2 Evgeny Grachev Jussi Jokinen 40 0 2 3
4 vs 4 Defense
Defense Defense Time % Phy DF OF
1 Ian White Boris Valabik 60 1 2 2
2 Andrej Sustr Paul Ladue 40 1 2 2
Last Minutes Offensive
Center Left Wing Right Wing Defense Defense
John Tavares Guillaume Latendresse Michael Grabner Ian White Boris Valabik
Last Minutes Defensive
Center Left Wing Right Wing Defense Defense
John Tavares Guillaume Latendresse Michael Grabner Ian White Boris Valabik
Goaltenders
Starting : Matt Murray
Backup : Braden Holtby
Extra Forwards
Normal : Alex Chiasson, Andrew Ladd, Evgeny Grachev - PP : Alex Chiasson, Andrew Ladd - PK : Alex Chiasson
Extra Defensemen
Normal : Paul Ladue, Tyson Barrie, Tyler Wotherspoon - PP : Paul Ladue - PK : Paul Ladue, Tyson Barrie
Penalty Shots
John Tavares, Guillaume Latendresse, Michael Grabner, Jussi Jokinen, Alex Chiasson
Scratches
Brian Lee (Healthy), Tyler Brenner (Healthy)
% Time on Ice - Capitals
Lines # - Real PCT - Wanted PCT - Time Play
Normal Forward
1 - 32% - 35% - 18:34
2 - 25% - 25% - 14:22
3 - 21% - 20% - 11:57
4 - 22% - 20% - 12:40
Normal Defense
1 - 34% - 35% - 19:41
2 - 35% - 35% - 20:04
3 - 26% - 25% - 15:12
4 - 5% - 5% - 2:36
PP Forward
1 - 100% - 60% - 0:01
2 - 0% - 40% - 0:00
PP Defense
1 - 100% - 60% - 0:01
2 - 0% - 40% - 0:00
PK Forward
1 - 88% - 60% - 1:06
2 - 12% - 40% - 0:09
PK Defense
1 - 88% - 60% - 1:06
2 - 12% - 40% - 0:09
PK3 Forward
1 - 0% - 60%
2 - 0% - 40%
PK3 Defense
1 - 0% - 60%
2 - 0% - 40%
44 Forward
1 - 0% - 60%
2 - 0% - 40%
44 Defense
1 - 0% - 60%
2 - 0% - 40%
Last Minute Offensive - 0:00
Last Minute Defensive - 1:11
Total
Forward - 60:00
Defense - 60:00
|
% Time on Ice - Stars
Lines # - Real PCT - Wanted PCT - Time Play
Normal Forward
1 - 35% - 40% - 20:22
2 - 29% - 30% - 16:36
3 - 22% - 20% - 12:54
4 - 13% - 10% - 7:41
Normal Defense
1 - 36% - 40% - 20:53
2 - 34% - 30% - 19:26
3 - 23% - 20% - 13:30
4 - 6% - 10% - 3:44
PP Forward
1 - 100% - 60% - 1:15
2 - 0% - 40% - 0:00
PP Defense
1 - 100% - 60% - 1:15
2 - 0% - 40% - 0:00
PK Forward
1 - 100% - 60% - 0:01
2 - 0% - 40% - 0:00
PK Defense
1 - 100% - 60% - 0:01
2 - 0% - 40% - 0:00
PK3 Forward
1 - 0% - 60%
2 - 0% - 40%
PK3 Defense
1 - 0% - 60%
2 - 0% - 40%
44 Forward
1 - 0% - 60%
2 - 0% - 40%
44 Defense
1 - 0% - 60%
2 - 0% - 40%
Last Minute Offensive - 1:11
Last Minute Defensive - 0:00
Total
Forward - 60:00
Defense - 60:00
|
Play-by-Play
1st period
0:01 of 1st period - Jason Spezza wins face-off versus John Tavares in neutral zone.
0:01 of 1st period - Jason Spezza is hit by Michael Grabner.
0:21 of 1st period - Slapshot by Cody Hodgson.
0:21 of 1st period - Stopped by Matt Murray without a rebound.
0:22 of 1st period - Cody Hodgson wins face-off versus Evgeny Grachev in Stars zone.
0:25 of 1st period - Backhand shot by Cody Hodgson.
0:25 of 1st period - Shot Misses the Net.
0:31 of 1st period - Mike Cammalleri is hit by Evgeny Grachev and loses puck.
1:45 of 1st period - Wrist shot by John Tavares.
1:45 of 1st period - Shot Misses the Net.
1:47 of 1st period - Snap shot by Michael Grabner.
1:47 of 1st period - Shot Blocked by Cameron Gaunce.
2:05 of 1st period - Cameron Gaunce is hit by Ian White and loses puck.
2:18 of 1st period - PK Subban is hit by Ian White and loses puck.
2:41 of 1st period - Icing by Jeremy Morin.
2:42 of 1st period - Evgeny Kuznetsov wins face-off versus Sean Monahan in Stars zone.
3:21 of 1st period - Slapshot by Tyson Barrie.
3:21 of 1st period - Deflect By Scott Kosmachuck.
3:21 of 1st period - Stopped by Cory Schneider with a rebound.
3:23 of 1st period - Slapshot by Tyler Wotherspoon.
3:23 of 1st period - Stopped by Cory Schneider with a rebound.
3:25 of 1st period - Snap shot by Tyson Barrie.
3:25 of 1st period - Shot Blocked by Victor Hedman.
3:27 of 1st period - Snap shot by Jeremy Morin.
3:27 of 1st period - Stopped by Cory Schneider without a rebound.
3:28 of 1st period - Jason Spezza wins face-off versus John Tavares in Capitals zone.
3:28 of 1st period - Jason Spezza is hit by John Tavares.
3:50 of 1st period - Boris Valabik is hit by Blake Pietila and loses puck.
4:07 of 1st period - Slapshot by Cody Hodgson.
4:07 of 1st period - Shot Blocked by Alex Chiasson.
4:51 of 1st period - Sean Monahan is hit by Jeremy Morin and loses puck.
5:44 of 1st period - Blake Pietila is hit by Tyson Barrie and loses puck.
6:17 of 1st period - Snap shot by Jason Spezza.
6:17 of 1st period - Shot Blocked by Jussi Jokinen.
6:21 of 1st period - Snap shot by Jason Spezza.
6:21 of 1st period - Shot Misses the Net.
6:23 of 1st period - Snap shot by Blake Pietila.
6:23 of 1st period - Stopped by Matt Murray with a rebound.
6:25 of 1st period - Slapshot by PK Subban.
6:25 of 1st period - Stopped by Matt Murray without a rebound.
6:26 of 1st period - John Tavares wins face-off versus Antoine Vermette in Stars zone.
6:31 of 1st period - Snap shot by Rick Nash.
6:31 of 1st period - Deflect By Antoine Vermette.
6:31 of 1st period - Shot Misses the Net.
6:31 of 1st period - Puck is out of play.
6:32 of 1st period - Antoine Vermette wins face-off versus John Tavares in Stars zone.
6:45 of 1st period - Snap shot by Rick Nash.
6:45 of 1st period - Stopped by Matt Murray with a rebound.
6:47 of 1st period - Snap shot by Trevor Daley.
6:47 of 1st period - Deflect By John Tavares.
6:47 of 1st period - Stopped by Matt Murray without a rebound.
6:48 of 1st period - Cory Emmerton wins face-off versus Cody Hodgson in Stars zone.
8:47 of 1st period - Snap shot by Rick Nash.
8:47 of 1st period - Shot Misses the Net.
9:28 of 1st period - Snap shot by Alexander Radulov.
9:28 of 1st period - Stopped by Matt Murray without a rebound.
9:29 of 1st period - Guillaume Latendresse wins face-off versus Jason Spezza in Stars zone.
10:05 of 1st period - Off-side.
10:06 of 1st period - Cody Hodgson wins face-off versus Cory Emmerton in neutral zone.
10:22 of 1st period - Wrist shot by Mike Cammalleri.
10:22 of 1st period - Stopped by Matt Murray without a rebound.
10:23 of 1st period - John Tavares wins face-off versus Jason Spezza in Stars zone.
10:48 of 1st period - PK Subban is hit by Jussi Jokinen and loses puck.
11:20 of 1st period - Snap shot by Cam Atkinson.
11:20 of 1st period - Shot Misses the Net.
12:00 of 1st period - Slapshot by John Tavares.
12:00 of 1st period - Shot Misses the Net.
12:18 of 1st period - Jussi Jokinen is hit by Rick Nash and loses puck.
12:42 of 1st period - Icing by Tyson Barrie.
12:43 of 1st period - Cody Hodgson wins face-off versus Cory Emmerton in Stars zone.
12:52 of 1st period - Snap shot by Cam Atkinson.
12:52 of 1st period - Goal by Cam Atkinson - Capitals : 0 - Stars : 1.
12:53 of 1st period - John Tavares wins face-off versus Jason Spezza in neutral zone.
13:20 of 1st period - Alex Chiasson is hit by Victor Hedman and loses puck.
14:04 of 1st period - Snap shot by John Tavares.
14:04 of 1st period - Stopped by Cory Schneider without a rebound.
14:05 of 1st period - John Tavares wins face-off versus Antoine Vermette in Capitals zone.
14:30 of 1st period - Jujhar Khaira is hit by John Tavares and loses puck.
14:37 of 1st period - Slapshot by Rick Nash.
14:37 of 1st period - Shot Misses the Net.
15:33 of 1st period - Icing by Ian White.
15:34 of 1st period - Jason Spezza wins face-off versus John Tavares in Stars zone.
16:01 of 1st period - Mike Cammalleri is hit by Alex Chiasson.
16:11 of 1st period - Boris Valabik is hit by Mike Cammalleri and loses puck.
16:26 of 1st period - Wrist shot by Cory Emmerton.
16:26 of 1st period - Shot Misses the Net.
16:28 of 1st period - Snap shot by Andrew Ladd.
16:28 of 1st period - Stopped by Cory Schneider with a rebound.
16:30 of 1st period - Slapshot by Cam Atkinson.
16:30 of 1st period - Stopped by Cory Schneider with a rebound.
16:32 of 1st period - Slapshot by Cory Emmerton.
16:32 of 1st period - Shot Blocked by Cameron Gaunce.
16:34 of 1st period - Snap shot by Cam Atkinson.
16:34 of 1st period - Stopped by Cory Schneider without a rebound.
16:35 of 1st period - Jason Spezza wins face-off versus Evgeny Kuznetsov in Capitals zone.
17:09 of 1st period - Cody Hodgson is hit by Evgeny Grachev and loses puck.
17:34 of 1st period - PK Subban is hit by Cam Atkinson and loses puck.
17:55 of 1st period - Slapshot by Jeremy Morin.
17:55 of 1st period - Shot Misses the Net.
17:57 of 1st period - Snap shot by Scott Kosmachuck.
17:57 of 1st period - Stopped by Cory Schneider without a rebound.
17:58 of 1st period - Evgeny Grachev wins face-off versus Cody Hodgson in Capitals zone.
18:25 of 1st period - Cam Atkinson is hit by Alexander Radulov and loses puck.
18:54 of 1st period - Michael Grabner is hit by Trevor Daley and loses puck.
19:16 of 1st period - Off-side.
19:17 of 1st period - Jason Spezza wins face-off versus Evgeny Grachev in neutral zone.
19:20 of 1st period - Wrist shot by Jason Spezza.
19:20 of 1st period - Stopped by Matt Murray without a rebound.
19:21 of 1st period - Jason Spezza wins face-off versus Evgeny Grachev in Stars zone.
19:58 of 1st period - Slapshot by Cody Hodgson.
19:58 of 1st period - Stopped by Matt Murray without a rebound.
19:59 of 1st period - John Tavares wins face-off versus Sean Monahan in Stars zone.
Goals for this period are 0 for Capitals vs 1 for Stars.
Shots for this period are 9 for Capitals vs 9 for Stars.
2nd period
0:01 of 2nd period - Blake Pietila wins face-off versus John Tavares in neutral zone.
0:04 of 2nd period - Wrist shot by Jason Spezza.
0:04 of 2nd period - Goal by Jason Spezza - Capitals : 1 - Stars : 1.
0:05 of 2nd period - John Tavares wins face-off versus Jason Spezza in neutral zone.
0:37 of 2nd period - Snap shot by Evgeny Grachev.
0:37 of 2nd period - Deflect By Jussi Jokinen.
0:37 of 2nd period - Shot Misses the Net.
0:37 of 2nd period - Puck is out of play.
0:38 of 2nd period - Jussi Jokinen wins face-off versus Alexander Radulov in Capitals zone.
0:39 of 2nd period - Snap shot by Alex Chiasson.
0:39 of 2nd period - Stopped by Cory Schneider without a rebound.
0:40 of 2nd period - Evgeny Grachev wins face-off versus Jason Spezza in Capitals zone.
0:47 of 2nd period - Snap shot by Alex Chiasson.
0:47 of 2nd period - Shot Blocked by Alexander Radulov.
0:49 of 2nd period - Snap shot by Alex Chiasson.
0:49 of 2nd period - Shot Blocked by Nikita Zaitsev.
0:51 of 2nd period - Snap shot by Alex Chiasson.
0:51 of 2nd period - Stopped by Cory Schneider with a rebound.
1:07 of 2nd period - Wrist shot by Cam Atkinson.
1:07 of 2nd period - Deflect By Alexei Marchenko.
1:07 of 2nd period - Shot Misses the Net.
1:07 of 2nd period - Puck is out of play.
1:08 of 2nd period - Sean Monahan wins face-off versus Cory Emmerton in Capitals zone.
1:20 of 2nd period - Snap shot by Cam Atkinson.
1:20 of 2nd period - Shot Misses the Net.
1:22 of 2nd period - Slapshot by Ian White.
1:22 of 2nd period - Shot Misses the Net.
1:24 of 2nd period - Slapshot by Andrew Ladd.
1:24 of 2nd period - Shot Misses the Net.
2:24 of 2nd period - Jujhar Khaira is hit by Scott Kosmachuck and loses puck.
2:47 of 2nd period - Wrist shot by Cam Atkinson.
2:47 of 2nd period - Stopped by Cory Schneider with a rebound.
2:59 of 2nd period - Snap shot by Mike Cammalleri.
2:59 of 2nd period - Stopped by Matt Murray with a rebound.
3:52 of 2nd period - Wrist shot by Jujhar Khaira.
3:52 of 2nd period - Stopped by Matt Murray without a rebound.
3:53 of 2nd period - Sean Monahan wins face-off versus John Tavares in Stars zone.
3:58 of 2nd period - Wrist shot by Mark Stone.
3:58 of 2nd period - Shot Misses the Net.
4:10 of 2nd period - Snap shot by John Tavares.
4:10 of 2nd period - Stopped by Cory Schneider with a rebound.
4:31 of 2nd period - Tyson Barrie is hit by Brad Richardson and loses puck.
5:06 of 2nd period - Nikita Zaitsev is hit by Ian White and loses puck.
5:17 of 2nd period - Snap shot by John Tavares.
5:17 of 2nd period - Shot Misses the Net.
5:19 of 2nd period - Slapshot by Andrej Sustr.
5:19 of 2nd period - Stopped by Cory Schneider with a rebound.
5:48 of 2nd period - Off-side.
5:49 of 2nd period - Cory Emmerton wins face-off versus Cody Hodgson in neutral zone.
6:59 of 2nd period - Jussi Jokinen is hit by Mike Cammalleri.
7:37 of 2nd period - Wrist shot by Evgeny Grachev.
7:37 of 2nd period - Stopped by Cory Schneider with a rebound.
8:13 of 2nd period - Wrist shot by Cory Emmerton.
8:13 of 2nd period - Stopped by Cory Schneider without a rebound.
8:14 of 2nd period - Antoine Vermette wins face-off versus Cory Emmerton in Capitals zone.
9:00 of 2nd period - Tyson Barrie is hit by PK Subban and loses puck.
9:41 of 2nd period - Slapshot by Rick Nash.
9:41 of 2nd period - Stopped by Matt Murray without a rebound.
9:42 of 2nd period - Antoine Vermette wins face-off versus John Tavares in Stars zone.
10:10 of 2nd period - Snap shot by Jason Spezza.
10:10 of 2nd period - Shot Blocked by Tyler Wotherspoon.
10:12 of 2nd period - Wrist shot by Blake Pietila.
10:12 of 2nd period - Shot Misses the Net.
10:14 of 2nd period - Snap shot by Jason Spezza.
10:14 of 2nd period - Goal by Jason Spezza - Capitals : 2 - Stars : 1.
10:15 of 2nd period - Jason Spezza wins face-off versus John Tavares in neutral zone.
10:26 of 2nd period - PK Subban is hit by Ian White and loses puck.
10:46 of 2nd period - Snap shot by Blake Pietila.
10:46 of 2nd period - Deflect By Alexander Radulov.
10:46 of 2nd period - Shot Misses the Net.
10:46 of 2nd period - Puck is out of play.
10:47 of 2nd period - Cody Hodgson wins face-off versus Cory Emmerton in Stars zone.
11:16 of 2nd period - Snap shot by Guillaume Latendresse.
11:16 of 2nd period - Stopped by Cory Schneider with a rebound.
13:04 of 2nd period - Snap shot by Sean Monahan.
13:04 of 2nd period - Stopped by Matt Murray without a rebound.
13:05 of 2nd period - Jujhar Khaira wins face-off versus Evgeny Grachev in Stars zone.
13:32 of 2nd period - Snap shot by Evgeny Grachev.
13:32 of 2nd period - Shot Misses the Net.
13:34 of 2nd period - Snap shot by Evgeny Grachev.
13:34 of 2nd period - Shot Blocked by Jujhar Khaira.
13:36 of 2nd period - Slapshot by Tyler Wotherspoon.
13:36 of 2nd period - Stopped by Cory Schneider without a rebound.
13:37 of 2nd period - John Tavares wins face-off versus Jason Spezza in Capitals zone.
14:11 of 2nd period - Slapshot by Steve Bernier.
14:11 of 2nd period - Stopped by Matt Murray without a rebound.
14:12 of 2nd period - Jason Spezza wins face-off versus Evgeny Grachev in Stars zone.
14:58 of 2nd period - Off-side.
14:59 of 2nd period - Cory Emmerton wins face-off versus Brad Richardson in neutral zone.
15:02 of 2nd period - Wrist shot by Andrew Ladd.
15:02 of 2nd period - Stopped by Cory Schneider without a rebound.
15:03 of 2nd period - Cory Emmerton wins face-off versus Mark Stone in Capitals zone.
15:14 of 2nd period - Snap shot by Cam Atkinson.
15:14 of 2nd period - Shot Misses the Net.
15:16 of 2nd period - Slapshot by Andrej Sustr.
15:16 of 2nd period - Deflect By Andrew Ladd.
15:16 of 2nd period - Shot Misses the Net.
15:16 of 2nd period - Puck is out of play.
15:17 of 2nd period - John Tavares wins face-off versus Jason Spezza in Capitals zone.
15:54 of 2nd period - Snap shot by Rick Nash.
15:54 of 2nd period - Shot Misses the Net.
16:23 of 2nd period - Boris Valabik is hit by PK Subban.
16:54 of 2nd period - Snap shot by John Tavares.
16:54 of 2nd period - Shot Blocked by Trevor Daley.
17:06 of 2nd period - Slapshot by Andrej Sustr.
17:06 of 2nd period - Stopped by Cory Schneider without a rebound.
17:07 of 2nd period - Antoine Vermette wins face-off versus Evgeny Grachev in Capitals zone.
17:07 of 2nd period - Antoine Vermette is hit by Jussi Jokinen.
17:14 of 2nd period - Snap shot by Antoine Vermette.
17:14 of 2nd period - Stopped by Matt Murray without a rebound.
17:15 of 2nd period - Jason Spezza wins face-off versus John Tavares in Stars zone.
17:46 of 2nd period - Snap shot by Jussi Jokinen.
17:46 of 2nd period - Stopped by Cory Schneider without a rebound.
17:47 of 2nd period - Evgeny Grachev wins face-off versus Jason Spezza in Capitals zone.
18:15 of 2nd period - Wrist shot by Michael Grabner.
18:15 of 2nd period - Stopped by Cory Schneider with a rebound.
18:21 of 2nd period - Wrist shot by Victor Hedman.
18:21 of 2nd period - Shot Blocked by Guillaume Latendresse.
18:23 of 2nd period - Slapshot by Mike Cammalleri.
18:23 of 2nd period - Shot Misses the Net.
18:33 of 2nd period - Snap shot by Cory Emmerton.
18:33 of 2nd period - Stopped by Cory Schneider without a rebound.
18:34 of 2nd period - Antoine Vermette wins face-off versus Cory Emmerton in Capitals zone.
18:59 of 2nd period - Alexei Marchenko is hit by Michael Grabner and loses puck.
19:23 of 2nd period - Slapshot by Andrej Sustr.
19:23 of 2nd period - Deflect By Evgeny Grachev.
19:23 of 2nd period - Goal by Evgeny Grachev - Capitals : 2 - Stars : 2.
19:24 of 2nd period - Guillaume Latendresse wins face-off versus Jason Spezza in neutral zone.
19:29 of 2nd period - Snap shot by Michael Grabner.
19:29 of 2nd period - Stopped by Cory Schneider without a rebound.
19:30 of 2nd period - Jason Spezza wins face-off versus John Tavares in Capitals zone.
Goals for this period are 2 for Capitals vs 1 for Stars.
Shots for this period are 8 for Capitals vs 16 for Stars.
3rd period
0:01 of 3rd period - Jason Spezza wins face-off versus John Tavares in neutral zone.
0:58 of 3rd period - Off-side.
0:59 of 3rd period - John Tavares wins face-off versus Jason Spezza in neutral zone.
1:02 of 3rd period - Alexander Radulov is hit by John Tavares and loses puck.
1:52 of 3rd period - Wrist shot by John Tavares.
1:52 of 3rd period - Stopped by Cory Schneider without a rebound.
1:53 of 3rd period - Cody Hodgson wins face-off versus Evgeny Grachev in Capitals zone.
1:53 of 3rd period - Cody Hodgson is hit by Evgeny Grachev.
2:19 of 3rd period - Andrew Ladd is hit by Victor Hedman and loses puck.
2:26 of 3rd period - Snap shot by Cam Atkinson.
2:26 of 3rd period - Stopped by Cory Schneider with a rebound.
3:35 of 3rd period - Wrist shot by Jeremy Morin.
3:35 of 3rd period - Stopped by Cory Schneider with a rebound.
4:46 of 3rd period - Steve Bernier is hit by Jussi Jokinen.
4:58 of 3rd period - Wrist shot by Alexander Radulov.
4:58 of 3rd period - Stopped by Matt Murray with a rebound.
5:00 of 3rd period - Slapshot by Alexander Radulov.
5:00 of 3rd period - Goal by Alexander Radulov - Capitals : 3 - Stars : 2.
5:01 of 3rd period - Alexander Radulov wins face-off versus John Tavares in neutral zone.
5:28 of 3rd period - Steve Bernier is hit by Boris Valabik and loses puck.
5:53 of 3rd period - Wrist shot by Jeremy Morin.
5:53 of 3rd period - Stopped by Cory Schneider with a rebound.
6:07 of 3rd period - Snap shot by Cody Hodgson.
6:07 of 3rd period - Stopped by Matt Murray without a rebound.
6:08 of 3rd period - John Tavares wins face-off versus Jason Spezza in Stars zone.
6:08 of 3rd period - John Tavares is hit by Blake Pietila.
7:03 of 3rd period - Cory Emmerton is hit by Alexei Marchenko.
7:13 of 3rd period - Andrej Sustr is hit by Brad Richardson and loses puck.
7:43 of 3rd period - Minor Penalty to Trevor Daley for Holding.
7:44 of 3rd period - John Tavares wins face-off versus Jason Spezza in Capitals zone.
7:48 of 3rd period - Snap shot by Michael Grabner.
7:48 of 3rd period - Shot Misses the Net.
7:54 of 3rd period - Slapshot by Michael Grabner.
7:54 of 3rd period - Stopped by Cory Schneider with a rebound.
8:58 of 3rd period - Snap shot by Michael Grabner.
8:58 of 3rd period - Goal by Michael Grabner - Capitals : 3 - Stars : 3.
8:59 of 3rd period - Antoine Vermette wins face-off versus Evgeny Grachev in neutral zone.
9:09 of 3rd period - Minor Penalty to Paul Ladue for High sticking.
9:10 of 3rd period - Jason Spezza wins face-off versus John Tavares in Stars zone.
9:10 of 3rd period - Snap shot by Alexander Radulov.
9:10 of 3rd period - Goal by Alexander Radulov - Capitals : 4 - Stars : 3.
9:11 of 3rd period - John Tavares wins face-off versus Jason Spezza in neutral zone.
10:29 of 3rd period - Wrist shot by Jujhar Khaira.
10:29 of 3rd period - Shot Misses the Net.
11:39 of 3rd period - Icing by Cam Atkinson.
11:40 of 3rd period - Cory Emmerton wins face-off versus Antoine Vermette in Stars zone.
11:57 of 3rd period - Snap shot by Michael Grabner.
11:57 of 3rd period - Stopped by Cory Schneider without a rebound.
11:58 of 3rd period - Alex Chiasson wins face-off versus Blake Pietila in Capitals zone.
12:23 of 3rd period - Icing by Evgeny Grachev.
12:24 of 3rd period - Michael Grabner wins face-off versus Cody Hodgson in Stars zone.
13:45 of 3rd period - Snap shot by Sean Monahan.
13:45 of 3rd period - Shot Misses the Net.
15:11 of 3rd period - Wrist shot by Evgeny Kuznetsov.
15:11 of 3rd period - Shot Misses the Net.
15:21 of 3rd period - Jason Spezza is hit by Ian White and loses puck.
16:24 of 3rd period - Slapshot by Scott Kosmachuck.
16:24 of 3rd period - Shot Blocked by PK Subban.
16:46 of 3rd period - Jason Spezza is hit by Michael Grabner and loses puck.
17:34 of 3rd period - Snap shot by Sean Monahan.
17:34 of 3rd period - Shot Blocked by Tyson Barrie.
17:36 of 3rd period - Slapshot by Alexei Marchenko.
17:36 of 3rd period - Shot Blocked by Cory Emmerton.
17:42 of 3rd period - Wrist shot by Mark Stone.
17:42 of 3rd period - Stopped by Matt Murray with a rebound.
17:52 of 3rd period - Wrist shot by Rick Nash.
17:52 of 3rd period - Deflect By Jujhar Khaira.
17:52 of 3rd period - Stopped by Matt Murray with a rebound.
17:54 of 3rd period - Snap shot by Jujhar Khaira.
17:54 of 3rd period - Stopped by Matt Murray without a rebound.
17:55 of 3rd period - Antoine Vermette wins face-off versus John Tavares in Stars zone.
18:41 of 3rd period - John Tavares is hit by PK Subban and loses puck.
18:48 of 3rd period - Stars, Matt Murray is pulled from the net.
18:48 of 3rd period - Wrist shot by Michael Grabner.
18:48 of 3rd period - Stopped by Cory Schneider without a rebound.
18:49 of 3rd period - Barry Trotz call a timeout for Stars.
18:49 of 3rd period - John Tavares wins face-off versus Jason Spezza in Capitals zone.
18:50 of 3rd period - Snap shot by Michael Grabner.
18:50 of 3rd period - Stopped by Cory Schneider with a rebound.
18:57 of 3rd period - Icing by Victor Hedman.
18:58 of 3rd period - Rick Nash wins face-off versus John Tavares in Capitals zone.
19:02 of 3rd period - Off-side.
19:03 of 3rd period - John Tavares wins face-off versus Jason Spezza in neutral zone.
19:21 of 3rd period - Snap shot by John Tavares.
19:21 of 3rd period - Deflect By Michael Grabner.
19:21 of 3rd period - Shot Misses the Net.
19:21 of 3rd period - Puck is out of play.
19:22 of 3rd period - John Tavares wins face-off versus Jason Spezza in Capitals zone.
19:29 of 3rd period - Ian White is hit by Jason Spezza and loses puck.
19:50 of 3rd period - Snap shot by Michael Grabner.
19:50 of 3rd period - Shot Blocked by Mike Cammalleri.
Goals for this period are 2 for Capitals vs 1 for Stars.
Shots for this period are 7 for Capitals vs 9 for Stars.